 Dungeon Crawl Stone Soup version 0.31-a0-188-g5e087ee2ca (webtiles) character file.

Game seed: 17133382373011146454

627 qw the Skirmisher (level 7, -1/40 HPs)
             Began as a Deep Elf Hunter on June 23, 2023.
             Succumbed to Eustachio's poison
             ... on level 5 of the Dungeon.
             The game lasted 00:00:59 (2807 turns).

qw the Skirmisher (Deep Elf Hunter)                 Turns: 2807, Time: 00:01:00

Health: -1/40      AC: 15    Str: 10      XL:     7   Next: 23%
Magic:  9/9        EV:  8    Int: 13 (14) God:
Gold:   218        SH:  0    Dex: 15 (18) Spells: 6/6 levels left

rFire   + + .        Y - +0 arbalest
rCold   x . .        (shield currently unavailable)
rNeg    . . .        k - +0 fire dragon scales
rPois   .            (no helmet)
rElec   .            (no cloak)
rCorr   .            b - +2 pair of gloves
SInv    .            (no boots)
Will    +....        (no amulet) Stlth
                     d - ring of willpower
HPRegen 0.26/turn    m - +4 ring of protection
MPRegen 0.11/turn

%: no passive effects
@: lethally poisoned (-1 -> -14)
A: no striking features
a: no special abilities


You were on level 5 of the Dungeon.
You visited 1 branch of the dungeon, and saw 5 of its levels.

You collected 218 gold pieces.


   Skills:
 - Level 2.1 Fighting
 + Level 10.8 Ranged Weapons
 - Level 1.3 Armour
 - Level 2.9 Dodging
 - Level 1.2 Stealth


You had 6 spell levels left.
You didn't know any spells.
Your spell library was empty.

Inventory:

Hand Weapons
 Y - a +0 arbalest (weapon)
Armour
 b - a +2 pair of gloves (worn)
 e - a +0 ring mail
 k - +0 fire dragon scales (worn)
Jewellery
 d - a ring of willpower (left hand)
 m - a +4 ring of protection (right hand)
Scrolls
 c - a scroll of teleportation {unknown}
 g - a scroll of identify
Potions
 a - a potion of heal wounds
 f - a potion of enlightenment {unknown}
 i - a potion of might
 j - a potion of cancellation
 l - a potion of berserk rage {unknown}

Dungeon Overview and Level Annotations

Branches:
Dungeon (5/15)
 Temple: D:4-7

Altars:
Nemelex Xobeh

Shops:
D:3 =

Annotations:
D:3 1 transporter


Message History

Eustachio shouts!
Eustachio casts a spell.
Eustachio blinks!
Enter note:
Enter note: You shoot a bolt.
The bolt hits Eustachio!
Eustachio is moderately wounded.
Eustachio closely misses you.
Eustachio gestures wildly while chanting.
Eustachio blinks!
You shoot a bolt. The bolt closely misses Eustachio.
Eustachio closely misses you.
You shoot a bolt. The bolt barely misses Eustachio.
Eustachio hits you but does no damage. x2
You are poisoned.
You shoot a bolt. The bolt misses Eustachio.
You feel very sick.
Eustachio hits you with a +2 rapier of venom.
You are more poisoned.
Eustachio hits you with a +2 rapier of venom.
You are lethally poisoned!
You shoot a bolt. The bolt hits Eustachio!
Eustachio is severely wounded.
You feel extremely sick.
Eustachio gestures wildly while chanting.
Eustachio screams, "This atrocity can only be purified with blood!"
Eustachio hits you but does no damage.
You are more poisoned.
You shoot a bolt. The bolt hits Eustachio!!
You kill Eustachio!
The shadow imp disappears in a puff of smoke!
The white imp disappears in a puff of smoke!
The quasit disappears in a puff of smoke!
You feel extremely sick.
You feel your strength returning.
You have reached level 7!
There is a lethal amount of poison in your body!
You feel very sick.
There is a lethal amount of poison in your body!
You die...

#... #..#.^#
....... #..#..# #
......# #.##..#..#
....#..#
##.####.##@#
........ยค.)#
#######.###.......
#####.## .#####.
#......# .#
#......# .#
#......# .#
#......# .#
#......# .#


There were no monsters in sight!

Vanquished Creatures
  Eustachio (D:5)
  A scorpion (D:5)
  4 hounds
  3 jellies (D:4)
  Ijyb (D:4)
  Natasha (twice) (D:2)
  3 gnolls (D:3)
  3 adders
  A white imp (D:5)
  An ufetubus (D:5)
  8 dart slugs
  3 orcs
  7 bats
  4 endoplasms
  4 giant cockroaches
  A goblin (D:3)
  6 hobgoblins
  6 jackals
  2 quokkas
  2 ball pythons
  4 frilled lizards
  4 kobolds
  5 rats
76 creatures vanquished.

Notes
Turn   | Place    | Note
-------+----------+-------------------------------------------
     0 | D:1      | qw the Deep Elf Hunter began the quest for the Orb.
     0 | D:1      | Reached XP level 1. HP: 12/12 MP: 3/3
     0 | D:1      | 0 ||| qw: Version: 0.3-a-9-g12657ce
     0 | D:1      | 0 ||| qw: Game counter: 3339
     0 | D:1      | 0 ||| qw: Always use a shield: true
     0 | D:1      | 0 ||| qw: God list: Okawaru
     0 | D:1      | 0 ||| qw: Allow faded altars: false
     0 | D:1      | 0 ||| qw: Do Orc after D:15 true
     0 | D:1      | 0 ||| qw: Do second Lair branch before Depths: true
     0 | D:1      | 0 ||| qw: Lair rune preference: random
     0 | D:1      | 0 ||| qw: Plans: Normal
     0 | D:1      | 0 ||| PLANNING D:1-11
    59 | D:1      | Found a faded altar of an unknown god.
    86 | D:1      | Reached XP level 2. HP: 16/16 MP: 4/4
   135 | D:1      | Reached skill level 6 in Ranged Weapons
   196 | D:1      | 196 ||| SWAPPING to +0 arbalest.
   198 | D:1      | 198 ||| DROPPING +0 shortbow.
   484 | D:1      | 484 ||| DROPPING amulet of magic regeneration.
   485 | D:1      | 485 ||| READING scroll labelled NUACHU DASM.
   486 | D:1      | 486 ||| READING scroll labelled DUOVALL FIEN.
   487 | D:1      | 487 ||| DROPPING scroll of butterflies.
   529 | D:2      | Reached XP level 3. HP: 20/20 MP: 5/5
   704 | D:2      | Reached skill level 7 in Ranged Weapons
   708 | D:2      | HP: 5/20 [poisoned by an adder]
   936 | D:2      | Noticed Natasha
   940 | D:2      | Killed Natasha
   941 | D:2      | Reached XP level 4. HP: 17/25 MP: 6/6
  1031 | D:2      | Noticed Natasha
  1033 | D:2      | Killed Natasha
  1034 | D:2      | Reached skill level 8 in Ranged Weapons
  1085 | D:2      | 1085 ||| UPGRADING to +2 pair of gloves.
  1090 | D:2      | 1090 ||| UPGRADING to +0 ring mail.
  1100 | D:2      | 1100 ||| DROPPING +0 leather armour.
  1101 | D:2      | 1101 ||| READING scroll labelled QEGABR WEM FYERCH.
  1447 | D:3      | 1447 ||| Stepping ~*~*~tactically~*~*~ (outnumbered).
  1449 | D:3      | 1449 ||| Stepping ~*~*~tactically~*~*~ (outnumbered).
  1453 | D:3      | 1453 ||| Stepping ~*~*~tactically~*~*~ (outnumbered).
  1457 | D:3      | Reached XP level 5. HP: 25/29 MP: 7/7
  1658 | D:3      | Found Onergh's Jewellery Shop.
  1666 | D:3      | 1666 ||| SHOPLISTING +6 ring of strength (468 gold, have
                  | 101).
  1666 | D:3      | 1666 ||| SHOPLISTING ring "Afrument" {MP+9 Dex+5} (487
                  | gold, have 101).
  1666 | D:3      | 1666 ||| SHOPLISTING ring of Surprise {Will+ Str-3 Int+6
                  | Stlth+} (586 gold, have 101).
  1666 | D:3      | 1666 ||| SHOPLISTING ring of poison resistance (260 gold,
                  | have 101).
  1666 | D:3      | 1666 ||| SHOPLISTING ring of positive energy (260 gold,
                  | have 101).
  1685 | D:3      | Reached skill level 9 in Ranged Weapons
  1912 | D:3      | Found a sparkling altar of Nemelex Xobeh.
  1912 | D:3      | Found a transporter.
  1912 | D:3      | Noticed a sky beast
  1914 | D:3      | 1914 ||| UPGRADING to ring of willpower.
  1915 | D:3      | 1915 ||| READING 2 scrolls labelled JUKLAI DAURPHU.
  1916 | D:3      | 1916 ||| DRINKING 2 pink potions.
  1936 | D:4      | 1936 ||| STAIRDANCE
  2176 | D:4      | Reached XP level 6. HP: 27/35 MP: 8/8
  2278 | D:4      | Noticed Ijyb
  2282 | D:4      | Killed Ijyb
  2398 | D:4      | Reached skill level 10 in Ranged Weapons
  2572 | D:4      | 2572 ||| UPGRADING to +0 fire dragon scales.
  2582 | D:4      | 2582 ||| UPGRADING to +4 ring of protection.
  2583 | D:4      | 2583 ||| DRINKING 2 glowing pink potions.
  2584 | D:4      | 2584 ||| DRINKING 2 golden potions.
  2585 | D:4      | 2585 ||| READING 4 scrolls of identify.
  2585 | D:4      | 2585 ||| IDENTIFYING sapphire potion
  2586 | D:4      | 2586 ||| READING 3 scrolls of identify.
  2586 | D:4      | 2586 ||| IDENTIFYING glowing purple potion
  2587 | D:4      | 2587 ||| READING 2 scrolls of identify.
  2587 | D:4      | 2587 ||| IDENTIFYING black potion
  2588 | D:4      | 2588 ||| DROPPING potion of lignification.
  2589 | D:4      | 2589 ||| DROPPING potion of degeneration.
  2590 | D:4      | 2590 ||| DROPPING potion of ambrosia.
  2609 | D:5      | Entered Level 5 of the Dungeon
  2614 | D:5      | Reached skill level 1 in Armour
  2799 | D:5      | Noticed Eustachio
  2805 | D:5      | Killed Eustachio
  2805 | D:5      | HP: 4/35 [poisoned by Eustachio]
  2806 | D:5      | Reached XP level 7. HP: 5/40 MP: 9/9
  2806 | D:5      | HP: 1/40 [poisoned by Eustachio]
  2807 | D:5      | Succumbed to Eustachio's poison

Levels and vault maps discovered:
D:1:      dpeg_arrival_pond, layout_rooms, chequers_ecumenical_altar_simple,
          st_stairs_2
D:2:      layout_loops_ring, uniq_natasha
D:3:      layout_basic, grunt_nemelex_the_gamble, serial_shops, shop
D:4:      layout_rooms, kennysheep_cross_bottleneck, uniq_ijyb
D:5:      layout_basic, lemuel_coloured_pillars_altar,
          mainiacjoe_overflow_cross_hatched, nicolae_ashenzari_skybound,
          nicolae_goblin_pals, uniq_prince_ribbit1, uniq_eustachio,
          uniq_menkaure

Skill      XL: |  1  2  3  4  5  6 |
---------------+-------------------+-----
Ranged Weapons | 6 7 8 9 10 | 10.8
Fighting       | 2 |  2.1
Armour         | 1 |  1.3
Dodging        | |  2.9
Stealth        | |  1.2

Action                     |  1- 3 |  4- 6 |  7- 9 || total
---------------------------+-------+-------+-------++-------
   Fire: Shortbow          |    30 |       |       ||    30
         Arbalest          |    47 |   113 |       ||   160
    Use: Scroll            |     2 |     5 |       ||     7
         Potion            |       |     3 |       ||     3
 Armour: Leather armour    |     4 |       |       ||     4
         Ring mail         |       |    21 |       ||    21
         Fire dragon scale |       |    18 |       ||    18
  Dodge: Dodged            |    23 |    34 |       ||    57

Table legend:
 A = Non-vault XP
 B = Vault XP
 C = Vault XP percentage of total XP
 D = Non-vault monster count
 E = Vault monster count
 F = Vault count percentage of total count
                 A         B        C        D         E       F
            +---------+---------+-------+---------+---------+-------
      Total |     625 |     272 |  30.3 |      70 |       6 |   7.9
            +---------+---------+-------+---------+---------+-------
        D:1 |      29 |      10 |  25.6 |      14 |       3 |  17.6
        D:2 |      82 |      35 |  29.9 |      21 |       1 |   4.5
        D:3 |     126 |       0 |   0.0 |      17 |       0 |   0.0
        D:4 |     268 |      36 |  11.8 |      11 |       1 |   8.3
        D:5 |     120 |     191 |  61.4 |       7 |       1 |  12.5
            +---------+---------+-------+---------+---------+-------
